 Dungeon Crawl Stone Soup version 0.29-a0-43-g62a80824bf (webtiles) character file.

Game seed: 2345177443817777666

357 siradein the Skirmisher (level 6, -2/56 HPs)
             Began as a Hill Orc Fighter on Feb 2, 2022.
             Slain by a gnoll sergeant (9 damage)
             ... on level 5 of the Dungeon.
             The game lasted 00:14:24 (5627 turns).

siradein the Skirmisher (Hill Orc Fighter)          Turns: 5627, Time: 00:14:25

Health: -2/56      AC: 18    Str: 21    XL:     6   Next: 64%
Magic:  6/6        EV:  7    Int:  8    God:
Gold:   102        SH:  4    Dex: 10    Spells: 5/5 levels left

rFire   + . .      SeeInvis .   a - +0 flail
rCold   + + .      Faith    .   c - +0 buckler
rNeg    . . .      Spirit   .   z - +3 chain mail {rC+}
rPois   .          Reflect  .   (no helmet)
rElec   .          Harm     .   C - +2 cloak
rCorr   .          Rampage  .   e - +0 pair of gloves
Will    .....                   b - +0 pair of boots
Stlth   ..........              f - amulet of the acrobat
HPRegen 0.18/turn               h - ring of protection from fire
MPRegen 0.10/turn               t - ring of protection from cold

@: no status effects
A: no striking features
a: no special abilities


You were on level 5 of the Dungeon.
You visited 1 branch of the dungeon, and saw 5 of its levels.

You collected 367 gold pieces.
You spent 265 gold pieces at shops.

Inventory:

Hand Weapons
 a - a +0 flail (weapon)
Missiles
 i - a curare-tipped dart (quivered)
 o - 35 sling bullets
 s - 4 atropa-tipped darts
 A - 89 stones
Armour
 b - a +0 pair of boots (worn)
 c - a +0 buckler (worn)
 e - a +0 pair of gloves (worn)
 z - a +3 chain mail of cold resistance (worn)
 C - a +2 cloak (worn)
Jewellery
 f - an amulet of the acrobat (around neck)
 h - a ring of protection from fire (left hand)
 t - a ring of protection from cold (right hand)
 w - a ring of protection from cold
Wands
 y - a wand of flame (15)
Scrolls
 g - 3 scrolls of identify {unknown}
 j - a scroll of fear {unknown}
 m - a scroll of enchant armour {unknown}
 q - a scroll of blinking {unknown}
 r - 2 scrolls of torment {unknown}
 x - a scroll of brand weapon {unknown}
 B - a scroll of fog {unknown}
Potions
 d - a potion of might
 k - a potion of magic {unknown}
 l - a potion of haste {unknown}
 n - a potion of flight {unknown}
 p - 2 potions of cancellation {unknown}
 u - a potion of brilliance {unknown}
 v - a potion of mutation {unknown}


   Skills:
 + Level 5.1 Fighting
 + Level 3.9 Maces & Flails
 + Level 1.3 Throwing
 + Level 4.8 Armour
 + Level 4.8 Shields


You had 5 spell levels left.
You didn't know any spells.
Your spell library contained the following spells:

 Spells                   Type           Power      Damage    Failure   Level
 Animate Skeleton         Necr           0%         N/A       99%         1
 Apportation              Tloc           0%         N/A       99%         1
 Sandblast                Erth           0%         2d4       99%         1
 Summon Small Mammal      Summ           0%         N/A       99%         1
 Passwall                 Tmut/Erth      0%         N/A       100%        2
 Conjure Flame            Conj/Fire      0%         6-21      100%        3
 Frozen Ramparts          Ice            0%         1d2       100%        3
 Ignite Poison            Fire/Tmut/Pois 0%         N/A       100%        3
 Stone Arrow              Conj/Erth      0%         3d7       100%        3
 Ice Form                 Ice/Tmut       0%         N/A       100%        4
 Sticky Flame             Conj/Fire      0%         2d3       100%        4
 Summon Ice Beast         Ice/Summ       0%         N/A       100%        4


Dungeon Overview and Level Annotations

Branches:
Dungeon (5/15)
 Temple: D:4-7

Altars:

Shops:
D:1 (   D:4 *([(

Annotations:
D:3 4 runed translucent doors, Clumpoid's ghost, amateur GnFi; Crazy Yiuf


Message History

The gnoll sergeant hits you but does no damage.
Space warps around you.
You barely miss the gnoll sergeant.
The gnoll sergeant is lightly wounded.
The gnoll sergeant hits you but does no damage.
You blink.
The gnoll sergeant misses you.
You sock the gnoll sergeant!
The gnoll sergeant is heavily wounded.
The gnoll sergeant hits you with a +3 spear of distortion.
Space warps around you.
The gnoll sergeant hits you but does no damage.
You blink.
The gnoll sergeant completely misses you.
The gnoll sergeant barely misses you.
You hit the gnoll sergeant.
The gnoll sergeant is heavily wounded.
The gnoll sergeant hits you with a +3 spear of distortion.
Space warps horribly around you!!
You are too injured to fight recklessly!
You are too injured to fight recklessly!
You hit the gnoll sergeant.
The gnoll sergeant is severely wounded.
The gnoll sergeant hits you but does no damage.
Space warps horribly around you!
* * * LOW HITPOINT WARNING * * *
You barely miss the gnoll sergeant.
The gnoll sergeant is severely wounded.
The gnoll sergeant barely misses you.
You closely miss the gnoll sergeant.
The gnoll sergeant is severely wounded.
The gnoll sergeant hits you with a +3 spear of distortion.
* * * LOW HITPOINT WARNING * * *
Space warps around you.
* * * LOW HITPOINT WARNING * * *
The gnoll sergeant completely misses you.
You hit the gnoll sergeant.
The gnoll sergeant is almost dead.
The gnoll sergeant hits you with a +3 spear of distortion!
You die...

###..# ##.# #####
#.#####.... #...##..####
##########.........#####
........................
########.......<........
##.#......|..######
######..#....@g........#
#......##.........####.#
#.....#######...###
###.....#[......###
#................
##...(...#.########
#..######..#
...)......## ..#########


You could see a gnoll sergeant.

Vanquished Creatures
  A scorpion (D:3)
  A hound (D:4)
  A killer bee zombie (D:5)
  6 gnolls
  7 adders
  An ufetubus (D:4)
  2 adder skeletons (D:4)
  2 worms
  2 dart slugs (D:2)
  13 orcs
  10 ball pythons
  3 endoplasms
  4 giant cockroaches
  7 goblins
  7 hobgoblins
  6 jackals (D:2)
  A quokka (D:4)
  4 bats
  3 frilled lizards
  11 kobolds
  8 rats
100 creatures vanquished.

Vanquished Creatures (others)
  5 plants (D:4)
5 creatures vanquished.

Grand Total: 105 creatures vanquished

Notes
Turn   | Place    | Note
-------+----------+-------------------------------------------
     0 | D:1      | siradein the Hill Orc Fighter began the quest for the Orb.
     0 | D:1      | Reached XP level 1. HP: 19/19 MP: 1/1
   191 | D:1      | Found Huatoitz's Weapon Shop.
   385 | D:1      | Reached XP level 2. HP: 27/27 MP: 2/2
   910 | D:2      | Reached skill level 4 in Fighting
   910 | D:2      | Reached XP level 3. HP: 30/33 MP: 3/3
  1707 | D:2      | Reached XP level 4. HP: 40/40 MP: 4/4
  2277 | D:3      | Found a runed translucent gate.
  2277 | D:3      | Found a runed translucent gate.
  2278 | D:3      | Found a runed translucent gate.
  2280 | D:3      | Noticed a scorpion
  2283 | D:3      | Killed a scorpion
  2284 | D:3      | Reached XP level 5. HP: 47/47 MP: 5/5
  2921 | D:3      | Found a runed translucent door.
  2922 | D:3      | Noticed Crazy Yiuf
  3124 | D:3      | Noticed Clumpoid's ghost (amateur GnFi)
  3399 | D:4      | Found Cireq's General Store.
  3420 | D:4      | Bought a +3 chain mail of cold resistance for 265 gold
                  | pieces
  3606 | D:4      | Reached skill level 1 in Throwing
  3606 | D:4      | Reached XP level 6. HP: 44/55 MP: 6/6
  3756 | D:4      | Found Cafaupra's Antique Weapon Shop.
  3835 | D:4      | Found Ippo's Weapon Emporium.
  3882 | D:4      | Found Noolonur's Antique Armour Emporium.
  4273 | D:5      | Entered Level 5 of the Dungeon
  4307 | D:4      | Reached skill level 5 in Fighting
  5627 | D:5      | Slain by a gnoll sergeant

Illustrated notes

Levels and vault maps discovered:
D:1:      matt_arrival_los_fun, layout_basic, serial_shops, shop_coins,
          serial_glass, glass_columns_b, glass_columns_b, item_on_display_a,
          due_unseen_surprise, minmay_strange_pillars, minmay_strange_pillars,
          minmay_pentomino_o2
D:2:      layout_loops_ring, minmay_fountain_box
D:3:      layout_basic, gammafunk_ghost_icy, minmay_misc_feat_roman,
          uniq_crazy_yiuf_cottage
D:4:      layout_loops_cross, serial_shops, nicolae_shop_hallway_stairs, shop,
          nicolae_shop_overgrown_old_shop, nicolae_shop_hallway_stairs,
          minmay_close_crescents
D:5:      layout_rooms

Skill      XL: |  1  2  3  4  5  6 |
---------------+-------------------+-----
Fighting       | 4 5 |  5.1
Armour         | 4 |  4.8
Maces & Flails | 3 |  3.9
Shields        | 4 |  4.8
Throwing       | 1 |  1.3

Action                   |  1- 3 |  4- 6 || total
-------------------------+-------+-------++-------
Melee: Flail             |   132 |   232 ||   364
Throw: Dart              |       |     2 ||     2
Armor: Scale mail        |    74 |       ||    74
       Chain mail        |     2 |   155 ||   157
Dodge: Dodged            |    65 |   110 ||   175
Block: Buckler           |    32 |    55 ||    87

Table legend: (Time is in decaauts)
 A = Elapsed time spent in this place.
 B = Non-inter-level travel time spent in this place.
 C = Inter-level travel time spent in this place.
 D = Time resting spent in this place.
 E = Time spent auto-exploring this place.
 F = Levels seen in this place.
 G = Mean time per level.
                   A        B        C        D        E       F      G
               +--------+--------+--------+--------+--------+-----+--------+
         Total |   5742 |   5574 |    168 |   1097 |   3356 |   5 | 1148.4 |
       Dungeon |   5742 |   5574 |    168 |   1097 |   3356 |   5 | 1148.4 |
               +--------+--------+--------+--------+--------+-----+--------+

Top non-repeatable levels by time:
     D:4: 1820 daAuts
     D:2: 1502 daAuts
     D:3: 1259 daAuts
     D:1: 858 daAuts
     D:5: 301 daAuts
